 Dungeon Crawl Stone Soup version 0.28-a0-674-gdaf460b524 (webtiles) character file.

Game seed: 11610630672472820124

104 porpoise the Conjurer (level 4, -1/24 HPs)
             Began as a Deep Elf Conjurer on Oct 18, 2021.
             Slain by Pikel (11 damage)
             ... on level 4 of the Dungeon.
             The game lasted 00:04:57 (2688 turns).

porpoise the Conjurer (Deep Elf Conjurer)           Turns: 2688, Time: 00:04:58

Health: -1/24      AC:  3    Str:  4    XL:     4   Next: 52%
Magic:  3/12       EV: 12    Int: 24    God:
Gold:   115        SH:  0    Dex: 13    Spells: 8/11 levels left

rFire   . . .      SeeInvis .   b - +0 short sword
rCold   . . .      Faith    .   (no shield)
rNeg    . . .      Spirit   .   a - +0 robe
rPois   .          Reflect  .   g - +0 helmet
rElec   .          Harm     .   (no cloak)
rCorr   .          Rampage  .   (no gloves)
Will    .....                   (no boots)
Stlth   ++........              (no amulet)
HPRegen 0.08/turn               (no ring)
MPRegen 0.13/turn               (no ring)

@: no status effects
A: no striking features
a: no special abilities


You were on level 4 of the Dungeon.
You visited 1 branch of the dungeon, and saw 4 of its levels.

You collected 115 gold pieces.

Inventory:

Hand Weapons
 b - a +0 short sword (weapon)
Missiles
 c - 23 stones
 m - 17 sling bullets
Armour
 a - a +0 robe (worn)
 g - a +0 helmet (worn)
Scrolls
 d - a scroll of noise {unknown}
 e - a scroll of silence {unknown}
 f - a scroll of teleportation {unknown}
 h - a scroll of amnesia {unknown}
 n - a scroll of torment {unknown}
Potions
 i - a potion of resistance
 j - a potion of haste {unknown}
 k - 2 potions of brilliance
 l - a potion of magic {unknown}
 p - a potion of lignification {unknown}


   Skills:
 - Level 2.4 Dodging
 - Level 2.4 Stealth
 + Level 4.2 Spellcasting
 + Level 6.1 Conjurations


You had 8 spell levels left.
You knew the following spells:

 Your Spells              Type           Power      Damage    Failure   Level
a - Magic Dart            Conj           100%       1d8       1%          1
b - Searing Ray           Conj           68%        2d6       1%          2

Your spell library contained the following spells:

 Spells                   Type           Power      Damage    Failure   Level
 Dazzling Flash           Conj/Hex       38%        N/A       9%          3
 Summon Small Mammal      Summ           20%        N/A       10%         1
 Fulminant Prism          Conj/Hex       9%         3d7       26%         4
 Iskenderun's Mystic Bla  Conj/Tloc      19%        2d6       26%         4
 Call Canine Familiar     Summ           5%         N/A       28%         3
 Summon Guardian Golem    Hex/Summ       5%         N/A       28%         3


Dungeon Overview and Level Annotations

Branches:
Dungeon (4/15)
 Temple: D:4-7

Altars:
Kikubaaqudgha
Uskayaw

Annotations:
D:4 Pikel


Message History

Confirm with . or Enter, or press ? or * to list all spells.
You don't know that spell.
Casting: Searing Ray (safe; 1% risk of failure)
Confirm with . or Enter, or press ? or * to list all spells.
Aiming: Searing Ray (safe; 1% risk of failure)
Press: ? - help, Shift-Dir - straight line, f/p - lemure
Aim: a lemure (severely wounded, 76% to hit)
Okay, then.
Unknown command.
Casting: Searing Ray (safe; 1% risk of failure)
Confirm with . or Enter, or press ? or * to list all spells.
Aiming: Searing Ray (safe; 1% risk of failure)
Press: ? - help, Shift-Dir - straight line, f/p - lemure
Aim: a lemure (severely wounded, 76% to hit)
The searing ray hits the lemure!
The lemure is almost dead.
The searing ray hits Pikel.
Pikel is heavily wounded. (Press . to maintain the ray.)
The lemure shouts!
The lemure hits you.
The searing ray hits the lemure.
The lemure is almost dead.
The searing ray misses Pikel.
The searing ray hits the lemure.
The lemure is lightly wounded.
The lemure hits you.
The searing ray hits the lemure!
You kill the lemure!
That felt strangely unrewarding.
The searing ray hits Pikel.
Pikel is heavily wounded.
The searing ray misses the lemure.
The searing ray hits Pikel.
Pikel is severely wounded.
The searing ray hits the lemure.
The lemure is moderately wounded.
The searing ray hits the lemure!
The lemure is moderately wounded.
You finish channelling your searing ray.
Pikel hits you with a +0 whip of flaming!
You die...

... ... #.# ## #.#
.. #.# #. #.# #. #<#
#.###.#####.######
#....5.5K@.......#
?..?...##########...
######. #5 #. #. ..
##


You could see Pikel and 2 lemures.

Vanquished Creatures
  A lemure (D:4)
  A gnoll shaman (D:4)
  4 gnolls (D:4)
  A worm (D:3)
  4 endoplasms
  2 giant cockroaches (D:3)
  3 goblins
  2 hobgoblins
  2 jackals (D:3)
  3 kobolds
  2 quokkas
  2 ball pythons (D:2)
  4 bats
  2 frilled lizards (D:2)
  A rat (D:2)
34 creatures vanquished.

Vanquished Creatures (others)
  A fungus (D:4)
  5 plants (D:4)
6 creatures vanquished.

Grand Total: 40 creatures vanquished

Notes
Turn   | Place    | Note
-------+----------+-------------------------------------------
     0 | D:1      | porpoise the Deep Elf Conjurer began the quest for the Orb.
     0 | D:1      | Reached XP level 1. HP: 10/10 MP: 6/6
   700 | D:1      | Found a faded altar of an unknown god.
   813 | D:2      | Reached XP level 2. HP: 15/15 MP: 6/8
   816 | D:2      | Learned a level 2 spell: Searing Ray
  1127 | D:2      | Reached skill level 5 in Conjurations
  1415 | D:2      | Found an ancient bone altar of Kikubaaqudgha.
  1761 | D:3      | Reached XP level 3. HP: 19/19 MP: 6/9
  2137 | D:3      | Noticed a +0 falchion
  2138 | D:3      | Noticed a +0 falchion
  2138 | D:3      | Noticed a +0 short sword
  2145 | D:3      | Found a hide-covered altar of Uskayaw.
  2145 | D:3      | Noticed a +0 dagger
  2147 | D:3      | Noticed a +0 dagger
  2147 | D:3      | Noticed a +0 spear
  2148 | D:3      | Noticed a +0 spear
  2148 | D:3      | Noticed a +0 short sword
  2595 | D:4      | Reached skill level 6 in Conjurations
  2595 | D:4      | Reached XP level 4. HP: 17/24 MP: 6/12
  2675 | D:4      | Noticed Pikel
  2677 | D:4      | Noticed a lemure
  2682 | D:4      | Noticed a lemure
  2684 | D:4      | Noticed a lemure
  2687 | D:4      | Killed a lemure
  2688 | D:4      | Slain by Pikel

Illustrated notes

Levels and vault maps discovered:
D:1:      noname_arrival_rooms_in_the_neighbourhood, layout_basic,
          dilly_ecumenical_altar_fadedgnrine, minmay_large_rounded_square
D:2:      layout_basic, basic_altar
D:3:      layout_rooms, nicolae_uskayaw_en_pointe,
          chequers_serial_rivers_room_a, minivault_27
D:4:      layout_loops_ring, nicolae_ru_the_path_less_chosen, uniq_pikel

Skill      XL: |  1  2  3 |
---------------+----------+-----
Conjurations   | 5 6 |  6.1
Spellcasting   | 4 |  4.2
Dodging        | |  2.4
Stealth        | |  2.4

Action                   |  1- 3 |  4- 6 || total
-------------------------+-------+-------++-------
 Cast: Magic Dart        |    39 |       ||    39
       Searing Ray       |     3 |     3 ||     6
  Use: Scroll            |     2 |       ||     2
Dodge: Dodged            |     1 |     1 ||     2

Table legend: (Time is in decaauts)
 A = Elapsed time spent in this place.
 B = Non-inter-level travel time spent in this place.
 C = Inter-level travel time spent in this place.
 D = Time resting spent in this place.
 E = Time spent auto-exploring this place.
 F = Levels seen in this place.
 G = Mean time per level.
                   A        B        C        D        E       F      G
               +--------+--------+--------+--------+--------+-----+--------+
         Total |   2687 |   2613 |     74 |    631 |   1775 |   4 |  671.8 |
       Dungeon |   2687 |   2613 |     74 |    631 |   1775 |   4 |  671.8 |
               +--------+--------+--------+--------+--------+-----+--------+

Top non-repeatable levels by time:
     D:3: 892 daAuts
     D:1: 809 daAuts
     D:2: 791 daAuts
     D:4: 194 daAuts
